AoeStats
← Recta

Black Forest

504759273Analyzed
2v2 RM · 27d ago on Sep 6, 2026· 62m 4s· 4 players
Game mode
Random Map
Map size
Medium (4 player)
Population
200
Speed
Normal
Resources
Standard
Victory
Conquest
Starting age
Dark Age
Ending age
Imperial Age
RankedLock teamsTeams togetherTeam positionsShared explorationLock speedFull tech treeHidden civsTurbo modeCheats
Victory
Defeat
🇹🇷 Hindustanis · Türkiye
595
+17
🇹🇷 Huns · Türkiye
594
+16
🇸🇪 Gurjaras · Sweden
626
-20
🇸🇪 Celts · Sweden
590
-16
Bay Gandalf
0:54 Loom
17:13 Feudal Age
18:57 Wheelbarrow
18:05 Horse Collar
18:13 Double-Bit Axe
22:10 Gold Mining
22:10 Stone Mining
22:51 Stone Mining
23:30 Bloodlines
27:08 Castle Age
25:45 Man-at-Arms
26:11 Arson
26:29 Scale Mail Armor
26:35 Scale Barding Armor
26:41 Forging
26:22 Fletching
26:33 Padded Archer Armor
28:55 Hand Cart
28:44 Heavy Plow
29:00 Bow Saw
28:19 Long Swordsman
28:20 Pikeman
29:00 Squires
29:53 Husbandry
36:11 Gold Shaft Mining
36:19 Caravan
36:50 Coinage
42:36 Imperial Age
40:06 Light Cavalry
41:38 Chain Barding Armor
41:33 Chain Mail Armor
41:56 Iron Casting
44:33 Chemistry
44:32 Two-Handed Swordsman
44:37 Heavy Camel Rider
46:02 Elite Ghulam
49:15 Two-Man Saw
49:39 Banking
49:52 Plate Barding Armor
49:36 Chain Mail Armor
51:36 Blast Furnace
50:33 Bodkin Arrow
50:53 Leather Archer Armor
52:15 Imperial Camel Rider
55:43 Bracer
56:13 Ring Archer Armor
58:07 Conscription
59:54 Hussar
PainEATER
0:38 Loom
12:12 Feudal Age
15:18 Double-Bit Axe
18:18 Gold Mining
21:54 Horse Collar
24:41 Castle Age
25:03 Stone Mining
25:40 Bow Saw
26:05 Heavy Plow
28:08 Man-at-Arms
32:23 Gold Shaft Mining
34:03 Husbandry
34:31 Pikeman
38:50 Imperial Age
39:25 Town Watch
40:17 Wheelbarrow
39:37 Cavalier
40:24 Scale Mail Armor
40:29 Scale Barding Armor
40:35 Forging
41:25 Caravan
41:20 Paladin
44:28 Two-Man Saw
51:06 Conscription
51:12 Conscription
55:35 Chain Barding Armor
55:31 Chain Mail Armor
58:35 Plate Barding Armor
58:36 Iron Casting
61:51 Blast Furnace
Over And Above
11:20 Feudal Age
11:45 Double-Bit Axe
19:54 Wheelbarrow
22:40 Castle Age
24:09 Hand Cart
30:03 Horse Collar
31:05 Caravan
33:39 Heavy Plow
33:52 Bow Saw
42:10 Imperial Age
39:34 Stronghold
40:01 Forging
39:51 Scale Mail Armor
41:50 Iron Casting
41:36 Chain Mail Armor
42:19 Onager
43:08 Siege Engineers
43:17 Masonry
43:04 Murder Holes
43:22 Fortified Wall
44:23 Blast Furnace
44:06 Plate Mail Armor
45:10 Siege Onager
45:57 Treadmill Crane
47:13 Conscription
47:06 Furor Celtica
47:33 Hoardings
48:24 Elite Woad Raider
Recta
12:20 Feudal Age
13:08 Double-Bit Axe
16:39 Wheelbarrow
21:35 Castle Age
19:35 Stone Mining
24:19 Stone Shaft Mining
25:28 Caravan
27:40 Horse Collar
29:22 Bow Saw
30:04 Town Watch
30:37 Hand Cart
31:17 Gold Mining
31:40 Town Patrol
32:53 Heavy Plow
33:57 Gold Shaft Mining
38:30 Imperial Age
38:33 Elite Elephant Archer
39:49 Elite Shrivamsha Rider
40:59 Fletching
41:09 Padded Archer Armor
41:15 Scale Barding Armor
41:24 Masonry
41:10 Murder Holes
41:25 Fortified Wall
40:56 Treadmill Crane
42:09 Crop Rotation
43:47 Husbandry
43:59 Bloodlines
44:14 Chain Barding Armor
44:47 Architecture
46:13 Frontier Guards
45:54 Bodkin Arrow
47:52 Kshatriyas
48:09 Conscription
47:19 Sappers
47:54 Bracer
48:14 Leather Archer Armor
49:20 Plate Barding Armor
49:50 Chemistry
49:11 Ballistics
49:29 Thumb Ring
49:39 Forging
49:41 Scale Mail Armor
Connection lost

Rejoining the realm…

Still unreachable

The connection could not be restored.

Session expired

The server has moved on; the page needs a fresh start.